 Dungeon Crawl Stone Soup version 0.30-a0-4-ga7cffc901d (webtiles) character file.

Game seed: 10783538905334739231

2681 Spectrina the Magician (level 9, -1/65 HPs)
             Began as a Djinni Venom Mage on Aug 21, 2022.
             Shot with an arrow by a centaur (7 damage)
             ... on level 7 of the Dungeon.
             The game lasted 00:47:57 (3874 turns).

Spectrina the Magician (Djinni Venom Mage)          Turns: 3874, Time: 00:47:58

Health: -1/65      AC:  7    Str:  7    XL:     9   Next: 95%
Gold:   81         EV: 14    Int: 21    God:
                   SH:  0    Dex: 14

rFire   + + .      SeeInvis .    w - +3 whip (vamp)
rCold   x . .      Faith    .    (no shield)
rNeg    . . .      Spirit   .    a - +0 robe
rPois   ∞          Reflect  .    F - +0 helmet
rElec   .          Harm     .    g - +1 cloak {Stlth+}
rCorr   +          Rampage  .    m - +1 pair of gloves
Will    .....                    (boots unavailable)
Stlth   ++++......               (no amulet)
HPRegen 0.20/turn                y - ring of resist corrosion
MPRegen 0.00/turn                j - ring of wizardry

@: flying
A: sickness immunity, fire resistance 2, cold vulnerability 1, float, innate
caster, HP casting, extra vitality 1
a: no special abilities


You were on level 7 of the Dungeon.
You visited 2 branches of the dungeon, and saw 9 of its levels.

You collected 265 gold pieces.
You spent 184 gold pieces at shops.

Inventory:

Hand Weapons
 e - the +6 sling of Departure {flame, *Slow rPois rC+ Dex+4}
   (You found it on level 3 of the Dungeon)

   Any ammunition fired from it burns those it strikes, dealing additional fire
   damage.
   Dex:       It affects your dexterity (+4).
   rC:        It protects you from cold.
   rPois:     It protects you from poison.
   *Slow:     It may slow you when you take damage.
 r - a +1 whip of electrocution
 w - a +3 vampiric whip (weapon)
Missiles
 x - a throwing net
Armour
 a - a +0 robe (worn)
 g - a +1 cloak of stealth (worn)
 m - a +1 pair of gloves (worn)
 F - a +0 helmet (worn)
Jewellery
 j - a ring of wizardry (right hand)
 y - a ring of resist corrosion (left hand)
Wands
 p - a wand of mindburst (35)
Scrolls
 b - 3 scrolls of fear
 h - a scroll of summoning {unknown}
 i - 3 scrolls of amnesia {unknown}
 l - 3 scrolls of magic mapping {unknown}
 n - a scroll of brand weapon {unknown}
 o - 2 scrolls of enchant weapon {unknown}
 u - a scroll of fog
 v - 4 scrolls of noise {unknown}
 C - a scroll of blinking {unknown}
 D - 3 scrolls of immolation {unknown}
 E - 3 scrolls of teleportation {unknown}
Potions
 c - 4 potions of flight {unknown}
 d - a potion of brilliance
 f - 4 potions of mutation {unknown}
 k - 4 potions of curing {unknown}
 q - 2 potions of invisibility
 s - a potion of heal wounds
 t - 2 potions of lignification {unknown}
 z - a potion of berserk rage {unknown}
 A - a potion of might {unknown}
 B - 2 potions of resistance {unknown}
 G - a potion of attraction {unknown}


   Skills:
 + Level 5.0 Fighting
 + Level 6.1 Dodging
 + Level 4.9 Stealth
 * Level 6.2 Spellcasting
 + Level 4.9 Invocations


You had one spell level left.
You knew the following spells:

 Your Spells              Type           Power      Damage    Failure   Level
a - Necrotise             Necr           100%       1d9       1%          1
f - Scorch                Fire           66%        2d8       1%          2
k - Inner Flame           Hex/Fire       33%        N/A       1%          3
l - Mephitic Cloud        Conj/Pois/Air  33%        N/A       1%          3
p - Summon Guardian Gole  Hex/Summ       33%        N/A       1%          3
q - Poisonous Vapours     Pois/Air       66%        N/A       1%          2
w - Olgreb's Toxic Radia  Pois           33%        N/A       2%          4
A - Sting                 Tmut/Pois      100%       1d8       1%          1
Your spell library was empty.

Dungeon Overview and Level Annotations

Branches:
Dungeon (8/15)             Temple (1/1) D:5
   Lair: D:8-11

Altars:
Cheibriados
Dithmenos
Elyvilon
Gozag
Makhleb
Nemelex Xobeh
Okawaru
Qazlal
Ru
Trog
Uskayaw
Wu Jian
Xom
Yredelemnul
Zin
The Shining One

Shops:
D:2 *   D:5 ?

Annotations:
Temple 2 transporters


Innate Abilities, Weirdness & Mutations

You are immune to sickness and miasma.
You are immune to poison.
Your flesh is very heat resistant. (rF++)
You are vulnerable to cold. (rC-)
You float through the air rather than walking.
You learn spells naturally, not from books.
Your magical power is your life essence.
You have superior vitality. (+4 MHP)


Message History

The centaur shouts!
Casting: Scorch (safe; 1% risk of failure)
Confirm with . or Enter, or press ? or * to list all spells.
A guardian golem appears, shielding your allies.
* * * LOW HITPOINT WARNING * * *
The centaur hits you.
* * * LOW HITPOINT WARNING * * *
The centaur closely misses you.
The +6 sling of Departure {flame, *Slow rPois rC+ Dex+4} stops flaming.
You feel a sense of dread.
w - a +3 vampiric whip (weapon)
The centaur hits you but does no damage.
The centaur kicks you but does no damage.
You hit the centaur.
You feel better.
The centaur is lightly wounded.
The centaur hits you.
* * * LOW HITPOINT WARNING * * *
The centaur kicks you but does no damage.
The centaur hits you.
* * * LOW HITPOINT WARNING * * *
The centaur kicks you but does no damage.
You swap places.
The centaur wields a +0 shortbow.
The centaur shoots an arrow.
The arrow hits your guardian golem but does no damage.
Unknown command.
Casting: Summon Guardian Golem (safe; 1% risk of failure)
Confirm with . or Enter, or press ? or * to list all spells.
Flames lash the centaur.
The centaur is lightly wounded.
The centaur's fire resistance burns away.
* * * LOW HITPOINT WARNING * * *
The centaur shoots an arrow.
The arrow hits your guardian golem.
Casting: Scorch (safe; 1% risk of failure)
Confirm with . or Enter, or press ? or * to list all spells.
Flames lash the centaur.
The centaur is burned terribly!
The centaur is heavily wounded.
* * * LOW HITPOINT WARNING * * *
The centaur shoots an arrow.
The arrow barely misses your guardian golem.
The arrow hits you!
You die...

#### # ## #.. .. ... #.#
.. ... .. #@# .... ....
#. #9##..... .....##.
######.c...... <....... #
#......##..... .##.
........##.####.#. # #.
....... #....# # #. #.
.... #...)#.#######. #.
##.#####....#....)....##.
#>†.....................


You could see a centaur (combustible, ally target) and a friendly guardian golem
(summoned).

Vanquished Creatures
  Menkaure (D:4)
  Duvessa (D:4)
  4 ice beasts
  An orc warrior (D:8)
  A sky beast (D:7)
  An ogre (D:6)
  A kobold brigand (D:6)
  A phantom (D:5)
  3 necrophages
  3 bullfrogs (D:6)
  A scorpion (D:4)
  Dowan (D:4)
  A vampire bat (D:4)
  2 gnoll boudas
  2 jellies (D:6)
  4 orc priests
  3 hounds
  Natasha (D:3)
  3 iguanas (D:4)
  10 orc wizards
  4 adders
  16 gnolls (D:5)
  A white imp (D:8)
  3 worms
  2 dart slugs (D:2)
  29 orcs
  6 ball pythons
  7 bats
  2 bat skeletons (D:4)
  3 bat zombies (D:4)
  4 endoplasms
  7 giant cockroaches
  3 hobgoblins
  7 jackals
  3 quokkas
  A frilled lizard (D:2)
  10 goblins
  10 kobolds
  6 rats
169 creatures vanquished.

Vanquished Creatures (others)
  An orc warrior (D:8)
  A wight (D:8)
  An orc (D:8)
3 creatures vanquished.

Grand Total: 172 creatures vanquished

Notes
Turn   | Place    | Note
-------+----------+-------------------------------------------
     0 | D:1      | Spectrina the Djinni Venom Mage began the quest for the
                  | Orb.
     0 | D:1      | Spectrina set off with the following spells memorised:
                  | Sting, Poisonous Vapours, Mephitic Cloud, Olgreb's Toxic
                  | Radiance.
     0 | D:1      | Reached XP level 1. HP: 15/15 MP: 0/0
    52 | D:1      | Found a faded altar of an unknown god.
    71 | D:2      | Found Lioduxol's Assorted Antiques.
    78 | D:2      | Bought a fizzy brown potion for 22 gold pieces
   103 | D:2      | Reached XP level 2. HP: 8/22 MP: 0/0
   394 | D:2      | Reached XP level 3. HP: 1/26 MP: 0/0
   394 | D:2      | Learned a level 1 spell: Necrotise
   525 | D:2      | Bought a ruby potion for 22 gold pieces
   645 | D:3      | Found a shadowy altar of Dithmenos.
   658 | D:3      | Found an opulent altar of Gozag.
   732 | D:2      | Bought a scroll labelled SOUDAW EKHUBO for 25 gold pieces
   732 | D:2      | Bought a scroll labelled XIMMYTHITIYH for 25 gold pieces
   770 | D:3      | Noticed Natasha
   923 | D:1      | Reached skill level 1 in Fighting
  1076 | D:4      | Found a glowing golden altar of the Shining One.
  1104 | D:4      | Noticed a +0 short sword
  1105 | D:4      | Noticed a +0 dagger
  1107 | D:4      | Noticed a +0 dagger
  1109 | D:4      | Noticed a +0 spear
  1109 | D:4      | Noticed a +0 falchion
  1109 | D:4      | Noticed a +0 short sword
  1110 | D:4      | Noticed a +0 falchion
  1111 | D:4      | Found a hide-covered altar of Uskayaw.
  1111 | D:4      | Noticed a +0 spear
  1129 | D:5      | Entered Level 5 of the Dungeon
  1137 | D:5      | Noticed an ice beast
  1143 | D:5      | Found a stormy altar of Qazlal.
  1143 | D:5      | Found a glowing silver altar of Zin.
  1144 | D:5      | Found a shimmering altar of Xom.
  1217 | D:5      | Found a staircase to the Ecumenical Temple.
  1221 | D:5      | Noticed a phantom
  1269 | D:5      | Found Hibiagisa's Magic Scroll Shop.
  1284 | D:5      | Reached XP level 4. HP: 9/32 MP: 0/0
  1337 | D:5      | Found a snail-covered altar of Cheibriados.
  1363 | D:5      | Reached skill level 1 in Invocations
  1500 | D:5      | Reached XP level 5. HP: 19/37 MP: 0/0
  1500 | D:5      | Learned a level 2 spell: Scorch
  1545 | D:6      | Noticed an ogre
  1580 | D:5      | Reached XP level 6. HP: 20/43 MP: 0/0
  1683 | Temple   | Entered the Ecumenical Temple
  1683 | Temple   | Found a transporter.
  1683 | Temple   | Found a transporter.
  1685 | Temple   | Found a transporter.
  1685 | Temple   | Found a transporter.
  1935 | D:3      | Identified the +6 sling of Departure {flame, *Slow rPois
                  | rC+ Dex+4}
  2067 | D:3      | Killed Natasha
  2068 | D:3      | Reached XP level 7. HP: 26/49 MP: 0/0
  2068 | D:3      | Learned a level 3 spell: Inner Flame
  2223 | D:4      | Noticed Dowan
  2241 | D:4      | Noticed Duvessa
  2250 | D:4      | Killed Dowan
  2258 | D:4      | Killed Duvessa
  2332 | D:4      | Noticed Menkaure
  2334 | D:4      | Killed Menkaure
  2335 | D:4      | Reached XP level 8. HP: 23/56 MP: 0/0
  2593 | D:5      | Bought a scroll of identify for 30 gold pieces
  2596 | D:5      | Bought a scroll of fear for 60 gold pieces
  2719 | D:5      | Reached skill level 5 in Spellcasting
  2963 | D:4      | Reached skill level 5 in Dodging
  3030 | D:4      | Reached XP level 9. HP: 23/62 MP: 0/0
  3030 | D:4      | Learned a level 3 spell: Summon Guardian Golem
  3045 | D:4      | Identified a scroll of acquirement
  3078 | D:4      | Acquired a +1 cloak of stealth
  3833 | D:7      | Reached skill level 5 in Fighting
  3874 | D:7      | Shot with an arrow by a centaur

Illustrated notes

Levels and vault maps discovered:
D:1:      giann_horns, layout_basic, shapermc_ecumenical_altar_rom_forum,
          hangedman_decor_riveting, amcnicky_mini_corridor_feature,
          minmay_3d_cube
D:2:      layout_rooms, serial_shops, nicolae_shop_competitors_out_of_business,
          minmay_quadrilaterals
D:3:      layout_basic, nicolae_gozag_seed_capital, grunt_dithmenos_smoke,
          hangedman_glass_teeth, uniq_natasha, uniq_terence, uniq_jessica
D:4:      minmay_bubble_buster, layout_basic, nicolae_uskayaw_en_pointe,
          kennysheep_vampire_church, mainiacjoe_overflow_alcove_4, uniq_duvessa,
          uniq_menkaure
D:5:      layout_loops_ring, cheibrodos_worm_habitat,
          gammafunk_temple_overflow_claw, minmay_temple_entry_mini_moons,
          serial_shops, shop_scrolls, kennysheep_another_room
D:6:      layout_basic
D:7:      layout_basic, ashenzari_altar_1, worldfamousw_hep_ancestral_shrine,
          feat_on_display
D:8:      layout_gridville, erik_lair_dragon, nrook_loot_triangle
Temple:   hellmonk_temple_divided_pantheon

Skill      XL: |  1  2  3  4  5  6  7  8  9 |
---------------+----------------------------+-----
Fighting       | 1 2 3 5 |  5.0
Stealth        | 2 3 4 |  4.9
Invocations    | 1 2 3 4 |  4.9
Dodging        | 3 4 5 6 |  6.1
Spellcasting   | 3 4 5 6 |  6.2

Action                   |  1- 3 |  4- 6 |  7- 9 || total
-------------------------+-------+-------+-------++-------
Melee: Unarmed           |    29 |     2 |       ||    31
       Whip              |       |     2 |     3 ||     5
 Fire: Sling             |       |    10 |    83 ||    93
 Cast: Sting             |    66 |    12 |       ||    78
       Necrotise         |    11 |     9 |     1 ||    21
       Poisonous Vapours |     2 |    13 |    14 ||    29
       Olgreb's Toxic Ra |       |    10 |    15 ||    25
       Scorch            |       |     5 |    80 ||    85
       Mephitic Cloud    |       |     1 |     4 ||     5
       Inner Flame       |       |       |     3 ||     3
       Summon Guardian G |       |       |    13 ||    13
  Use: Potion            |       |     2 |       ||     2
       Scroll            |       |       |     5 ||     5
Armor: Robe              |    15 |     2 |    15 ||    32
Dodge: Dodged            |    40 |     5 |    25 ||    70

Table legend: (Time is in decaauts)
 A = Elapsed time spent in this place.
 B = Non-inter-level travel time spent in this place.
 C = Inter-level travel time spent in this place.
 D = Time resting spent in this place.
 E = Time spent auto-exploring this place.
 F = Levels seen in this place.
 G = Mean time per level.
                   A        B        C        D        E       F      G
               +--------+--------+--------+--------+--------+-----+--------+
         Total |   3909 |   3738 |    171 |      0 |      0 |   9 |  434.3 |
       Dungeon |   3885 |   3714 |    171 |      0 |      0 |   8 |  485.6 |
        Temple |     23 |     23 |      0 |      0 |      0 |   1 |   23.0 |
               +--------+--------+--------+--------+--------+-----+--------+

Top non-repeatable levels by time:
     D:5: 935 daAuts
     D:4: 853 daAuts
     D:2: 698 daAuts
     D:6: 463 daAuts
     D:3: 256 daAuts
     D:1: 232 daAuts
     D:7: 227 daAuts
     D:8: 218 daAuts
  Temple: 23 daAuts
